 Dungeon Crawl Stone Soup version 0.20-a0-795-ga03948b (webtiles) character file.

84590 4thArraOfDagon the Ripper (level 15, -41/73 HPs)
             Began as a Felid Ice Elementalist on Feb 28, 2017.
             Was a High Priest of Wu Jian.
             Killed from afar by a deep elf annihilator (55 damage)
             ... with a crystal spear
             ... on level 3 of the Elven Halls on Mar 1, 2017.
             The game lasted 02:28:58 (19481 turns).

4thArraOfDagon the Ripper (Felid Ice Elementalist) Turns: 19481, Time: 02:28:59

Health: -41/73     AC:  5    Str:  4    XL:     15   Next: 35%
Magic:  19/24      EV: 32    Int: 25    God:    Wu Jian [*****.]
Gold:   1112       SH:  0    Dex: 17    Spells: 9/25 levels left
                                        Lives:  0   Deaths: 5

rFire    . . .     SeeInvis +     - Unarmed
rCold    + . .     Gourm    .   (armour unavailable)
rNeg     . . .     Faith    .   (shield unavailable)
rPois    .         Spirit   .   (helmet unavailable)
rElec    .         Reflect  .   (cloak unavailable)
rCorr    .         Harm     .   (gloves unavailable)
MR       +++..                  (boots unavailable)
Stlth    +++++++++.             c - amulet of regeneration
Regen    0.7/turn               r - ring of protection from magic
MPRegen  0.2/turn               u - ring of Shadows {Umbra +Inv Stlth+}

@: blade paws, wreathed by umbra, quick
A: no armour, no weapons or thrown items, stealth, claws 1, fangs 3, horns 1,
icy blue scales 1, see invisible, carnivore 3, clever 1, speed 1, shaggy fur 3,
slow metabolism 1, (sharp paws)
a: End Transformation, Serpent's Lash, Heaven On Earth, Renounce Religion, Evoke
Invisibility


You were on level 3 of the Elven Halls.
You worshipped Wu Jian.
Wu Jian was extremely pleased with you.
You were very full.
You had blades for front paws.
You visited 8 branches of the dungeon, and saw 36 of its levels.
You visited the Abyss 1 time.
You also visited: Ice Cave and Volcano.

You collected 2655 gold pieces.
You spent 1543 gold pieces at shops.

Inventory:

Jewellery
 c - an amulet of regeneration (around neck)
 g - an uncursed ring of fire
 k - a +2 ring of evasion
 l - an uncursed ring of ice {unknown}
 m - an uncursed ring of positive energy {unknown}
 r - a ring of protection from magic (right scythe-like blade)
 u - the ring of Shadows (left scythe-like blade) {Umbra +Inv Stlth+}
   (You bought it in a shop on level 2 of the Orcish Mines)

   [ring of stealth]

   It lets you turn invisible.
   It makes you more stealthy.
 v - the ring of Zimm {rF+ Str+2 Int-5 SInv}
   (You acquired it on level 12 of the Dungeon)

   [ring of protection from fire]

   It affects your strength (+2).
   It affects your intelligence (-5).
   It protects you from fire.
   It lets you see invisible.
 y - an uncursed ring of magical power
 z - the ring "Xaoj" {+Fly Int+3}
   (You found it in an ice cave)

   [ring of flight]

   It affects your intelligence (+3).
   It lets you fly.
 D - an uncursed ring of resist corrosion
 I - the ring "Ixiafut" {rPois Dex+3}
   (You found it on level 3 of the Elven Halls)

   [ring of poison resistance]

   It affects your dexterity (+3).
   It protects you from poison.
 M - an uncursed ring of protection from cold
 O - an uncursed ring of see invisible {unknown}
 Q - a cursed -3 ring of dexterity {unknown}
Wands
 h - a wand of paralysis (11/24)
 n - a wand of random effects (13/48)
 s - a wand of polymorph (2/24)
 w - a wand of scattershot (1/9)
 F - a wand of iceblast (10/15)
 G - a wand of confusion (20/48)
 L - a wand of flame (10/48)
 N - a wand of paralysis (11/24)
 R - a wand of lightning (7/15)
Scrolls
 o - 5 scrolls of amnesia
 p - a scroll of magic mapping
 q - 3 scrolls of immolation
 A - 2 scrolls of teleportation
 E - 9 scrolls of remove curse
 H - 2 scrolls of recharging
 V - a scroll of silence
 X - 2 scrolls of fear
 Z - a scroll of torment
Potions
 e - 2 potions of curing
 f - 6 potions of might
 i - 2 potions of degeneration
 j - 3 potions of brilliance
 t - a potion of flight
 x - a potion of lignification
 B - 4 potions of haste
 C - 2 potions of resistance
 J - 3 potions of magic
 K - a potion of cancellation
 W - a potion of ambrosia
Books
 a - a book of Frost

   Spells                             Type                      Level
   a - Freeze                         Ice                          1
   b - Throw Frost                    Conjuration/Ice              2
   c - Ozocubu's Armour               Charms/Ice                   3
   d - Throw Icicle                   Conjuration/Ice              4
   e - Summon Ice Beast               Ice/Summoning                4
Miscellaneous
 T - a lightning rod (3/4)
 Y - a phantom mirror
Comestibles
 b - 5 meat rations
 d - 11 royal jellies


   Skills:
 + Level 12.4 Fighting
 + Level 17.3 Dodging
 + Level 18.2 Stealth
 * Level 18.4 Unarmed Combat
 - Level 5.8 Spellcasting
 - Level 0.8 Conjurations
 - Level 9.0 Transmutations
 - Level 2.6 Ice Magic
 - Level 5.0 Evocations


You had 9 spell levels left.
You knew the following spells:

 Your Spells              Type           Power        Failure   Level  Hunger
a - Swiftness             Chrm/Air       #.......     54%         2    None
b - Blade Hands           Tmut           ######....   36%         5    #####..
c - Ice Form              Ice/Tmut       #####...     45%         4    ###....
d - Blink                 Tloc           N/A          54%         2    None
e - Mephitic Cloud        Conj/Pois/Air  #.......     63%         3    #......


Dungeon Overview and Level Annotations

Branches:
Dungeon (15/15)            Temple (1/1) D:7            Lair (6/6) D:11
 Shoals (4/4) Lair:4        Snake (4/4) Lair:2        Slime (0/5) Lair:5
    Orc (2/2) D:11            Elf (3/3) Orc:2        Vaults (0/5) D:14
 Depths (1/5) D:15

Altars:
Dithmenos
Fedhas
Hepliaklqana
Kikubaaqudgha
Makhleb
Okawaru
Uskayaw
Wu Jian
Yredelemnul
The Shining One

Shops:
D:6 %(   D:11 *   D:14 (!   Orc:1 %   Orc:2 }(!(=   Elf:3 (}}=

Portals:
Hell: Depths:1
Trove: Elf:3 (give 19 scrolls of identify)

Annotations:
Shoals:4 Ferkelamun's ghost, adept TrMo
Elf:1 Agnes


Innate Abilities, Weirdness & Mutations

You cannot wear armour.
You are incapable of wielding weapons or throwing items.
Your paws allow you to move quietly. (Stealth)
You have sharp claws.
You have razor-sharp teeth.
You have supernaturally acute eyesight. (SInv)
You are carnivorous and can eat meat at any time.
You cover ground quickly.
Your thick and shaggy fur keeps you warm. (AC +3, rC+)
You have a slow metabolism.
((Your sharp claws are effective at attacking unaware monsters.))
You have a pair of small horns on your head.
You are partially covered in icy blue scales. (AC +2)
Your mind is acute. (Int +2)


Message History

You bite the deep elf annihilator, but do no damage.
The deep elf annihilator is severely wounded.
Your front paws revert to their normal proportions.
Unknown command.
Casting: Blade Hands
Confirm with . or Enter, or press ? or * to list all spells.
Your front paws turn into razor-sharp scythe blades.
The deep elf annihilator gestures at you while chanting.
The iron shot misses you.
A deep elf knight comes into view. It is wielding a great mace.
Unknown command.
You slash the deep elf annihilator!
Your slash misses the deep elf annihilator.
The deep elf annihilator is severely wounded.
The deep elf knight casts a spell.
The deep elf knight seems to speed up.
The deep elf annihilator gestures at you while chanting.
The crystal spear hits you!
Ouch! That really hurt!
You die...

,,,,,,,,,,...##..,,,,,,,,,,,,,,**
,,,,,,,,,,,.....,,,,,,,,,,,,,,,,*
,**,,,,,,,,,....,,,,,,,,,**,,,,,*
*****,,,,,,,#..#,,,,,,,******,,,,
,,,,***,,,,*#e.#*,,,,***,,,,***,,
,,,,,,******#..#******,,,,,,,,**+
,,,,,,* #..### *,,,,,,,,,,,
,,,,*** #..#.### ***,,,,*****
***** ##.)#@..# ******
############..ee..##########
...........................#
.).........................#
)..................((......#
##...###########).[.####...#
.#...#.......(..())....#...#
.#...#.................#...#
.#...#......)).(.......#...#


You could see a deep elf annihilator and a deep elf knight.

Vanquished Creatures
  2 deep elf master archers (Elf:3)
  A kraken (Shoals:2)
  Polyphemus (Shoals:2)
  Donald (Snake:1)
  6 deep elf sorcerers
  Aizul (Shoals:1)
  4 deep elf elementalists (Elf:3)
  The ghost of nikopol the Peltast, a journeyman GrBe of Trog (Orc:2)
  2 deep elf demonologists
  2 deep elf annihilators (Elf:3)
  Josephine (Orc:2)
  2 deep elf death magi (Elf:3)
  Snorg (Orc:1)
  An ettin (D:15)
  An ice dragon (IceCv)
  Erolcha (Orc:1)
  6 deep elf high priests (Elf:3)
  3 naga warriors
  2 anacondas
  2 catoblepae
  15 two-headed ogres
  A queen ant (Lair:6)
  7 dancing weapons
  2 ogre magi (Orc:2)
  2 death yaks (Shoals:2)
  4 centaur warriors
  Erica (D:11)
  Urug (Orc:1)
  A naga sharpshooter (Snake:1)
  9 deep elf knights
  Sonja (Lair:1)
  A shock serpent (Snake:2)
  2 deep trolls
  6 sea snakes
  2 naga ritualists
  10 deep elf archers
  2 unseen horrors
  A lindwurm (Lair:1)
  An orc knight (Orc:1)
  4 mana vipers
  27 deep elf magi
  10 ugly things
  6 cyclopes
  4 fauns (Shoals:1)
  2 orc sorcerers
  A salamander (Snake:3)
  5 manticores
  25 black mambas
  4 naga magi
  A centaur zombie (D:15)
  Maurice (D:12)
  A gargoyle (D:13)
  2 ice statues (IceCv)
  27 spiny frogs
  2 centaur skeletons (D:11)
  4 komodo dragons
  2 kobold demonologists (D:15)
  4 rime drakes
  2 tengu conjurers (D:13)
  A jumping spider (shapeshifter) (Depths:1)
  12 trolls
  4 tyrant leeches (Lair:6)
  6 merfolk
  A polar bear (shapeshifter) (Elf:1)
  A wind drake (Shoals:2)
  A hornet (D:14)
  28 blink frogs
  3 polar bears
  9 slime creatures
  6 hippogriffs
  7 snapping turtles
  59 yaks
  A fire elemental (Volcano)
  7 wraiths
  2 air elementals
  2 wyverns
  2 water elementals
  2 basilisks
  A steam dragon (D:12)
  7 vampire mosquitoes
  3 wargs (Orc:1)
  17 nagas
  8 water moccasins
  5 porcupines
  3 black bears
  17 orc warriors
  An eye of draining (shapeshifter) (Elf:3)
  21 ice beasts
  2 eyes of draining
  2 sky beasts
  2 phantoms
  8 centaurs
  22 ogres
  A necrophage (D:10)
  19 crocodiles
  5 big kobolds
  2 small abominations
  32 bullfrogs
  7 earth elementals
  4 scorpions
  4 killer bees
  6 wights
  2 howler monkeys
  2 electric eels
  8 crimson imps
  3 hounds
  2 bullfrog zombies
  A gnoll shaman (D:9)
  5 human zombies (D:7)
  5 orc priests
  A wyvern simulacrum (D:14)
  An iguana (D:12)
  20 orc wizards
  8 worker ants
  A worker ant zombie (D:5)
  3 gnolls (D:9)
  A howler monkey skeleton (D:4)
  7 adders
  A shadow imp (D:11)
  An ooze (D:3)
  5 leopard geckos
  68 orcs
  A giant cockroach (D:6)
  5 hobgoblins
  3 jackals (D:11)
  2 quokkas
  2 bats
  2 frilled lizards (D:4)
  A giant cockroach zombie (D:6)
  9 kobolds
  An orc zombie (D:7)
  A quokka zombie (D:10)
  2 rats
  3 crawling corpses (Elf:3)
  A fungus (Lair:4)
  3 plants
778 creatures vanquished.

Vanquished Creatures (others)
  A deep elf archer (Elf:1)
  A deep elf mage (Elf:1)
  A big kobold (D:12)
  3 kobolds (D:12)
  49 fungi
  52 plants
  8 tentacles (Shoals:2)
115 creatures vanquished.

Grand Total: 893 creatures vanquished

Notes
Turn   | Place    | Note
-------+----------+-------------------------------------------
     0 | D:1      | 4thArraOfDagon the Felid Ice Elementalist began the quest for the Orb.
     0 | D:1      | Reached XP level 1. HP: 7/7 MP: 4/4
    50 | D:1      | Reached skill level 1 in Unarmed Combat
   153 | D:1      | Reached XP level 2. HP: 11/11 MP: 6/6
   307 | D:3      | Reached XP level 3. HP: 13/14 MP: 5/7
   459 | D:5      | Entered Level 5 of the Dungeon
   466 | D:5      | Reached XP level 4. HP: 12/18 MP: 2/8
   810 | D:4      | Reached XP level 5. HP: 20/21 MP: 2/9
  1001 | D:6      | Gained mutation: You are frail. (-10% HP) [potion of mutation]
  1001 | D:6      | Gained mutation: Your flesh is heat resistant. (rF+) [potion of mutation]
  1037 | D:6      | Noticed a centaur
  1064 | D:5      | Noticed an ogre
  1073 | D:5      | Killed an ogre
  1073 | D:5      | Reached skill level 5 in Dodging
  1137 | D:6      | Killed a centaur
  1137 | D:6      | Gained mutation: You are covered in thick fur. (AC +2) [Felid growth]
  1137 | D:6      | Reached XP level 6. HP: 8/22 MP: 10/10
  1179 | D:7      | Found an ancient bone altar of Kikubaaqudgha.
  1186 | D:7      | Noticed a hungry ghost
  1431 | D:6      | Found Honie's Weapon Boutique.
  1512 | D:6      | Found Nefadea's Food Shoppe.
  1527 | D:7      | Reached skill level 5 in Unarmed Combat
  1535 | D:7      | Reached skill level 1 in Evocations
  1559 | D:7      | Found a staircase to the Ecumenical Temple.
  1570 | Temple   | Entered the Ecumenical Temple
  1602 | Temple   | Became a worshipper of the Wu Jian Council
  1683 | D:7      | Reached skill level 1 in Fighting
  1721 | D:8      | Reached XP level 7. HP: 21/25 MP: 11/11
  1824 | D:9      | Lost mutation: Your flesh is heat resistant. (rF+) [potion of mutation]
  1824 | D:9      | Lost mutation: You are frail. (-10% HP) [potion of mutation]
  1824 | D:9      | Gained mutation: Your magical capacity is low. (-10% MP) [potion of mutation]
  1824 | D:9      | Gained mutation: You are partially covered in rugged brown scales. (AC +1, +3% HP) [potion of mutation]
  1953 | D:7      | Noticed a wraith
  1955 | D:7      | Killed a wraith
  1957 | D:7      | Found a basalt altar of Yredelemnul.
  1971 | D:7      | Noticed a wraith
  1984 | D:7      | Killed a wraith
  2026 | D:7      | Reached XP level 8. HP: 19/35 MP: 10/10
  2039 | D:7      | Reached skill level 5 in Stealth
  2052 | D:7      | Reached * piety under Wu Jian
  2180 | D:7      | Learned a level 5 spell: Blade Hands
  2185 | D:7      | Learned a level 4 spell: Ice Form
  2217 | D:7      | Lost mutation: Your magical capacity is low. (-10% MP) [potion of mutation]
  2217 | D:7      | Lost mutation: You are partially covered in rugged brown scales. (AC +1, +3% HP) [potion of mutation]
  2217 | D:7      | Gained mutation: You are robust. (+10% HP) [potion of mutation]
  2217 | D:7      | Gained mutation: Your flesh is heat resistant. (rF+) [potion of mutation]
  2217 | D:7      | Gained mutation: Your muscles are strong. (Str +2) [potion of mutation]
  2347 | D:8      | Noticed a two-headed ogre
  2377 | D:8      | Killed a two-headed ogre
  2377 | D:8      | Reached XP level 9. HP: 31/42 MP: 13/13
  2607 | D:10     | Entered Level 10 of the Dungeon
  2608 | D:10     | Noticed a troll
  2621 | D:10     | Killed a troll
  2627 | D:10     | Lost mutation: Your muscles are strong. (Str +2) [potion of mutation]
  2627 | D:10     | Lost mutation: Your flesh is heat resistant. (rF+) [potion of mutation]
  2627 | D:10     | Lost mutation: You are robust. (+10% HP) [potion of mutation]
  2627 | D:10     | Gained mutation: You are weak. (Str -2) [potion of mutation]
  2627 | D:10     | Gained mutation: Your thick and shaggy fur keeps you warm. (AC +3, rC+) [potion of mutation]
  2699 | D:10     | Noticed a molten gargoyle
  2769 | D:11     | Gained mutation: You tend to lose your temper in combat. [mutagenic meat]
  2770 | D:11     | Gained mutation: You are partially covered in yellow scales. (AC +2) [mutagenic meat]
  3065 | D:11     | Found Kureap's General Store.
  3066 | D:11     | Noticed an unseen horror
  3103 | D:11     | Reached ** piety under Wu Jian
  3187 | D:10     | Reached skill level 5 in Evocations
  3209 | D:10     | Learned a level 2 spell: Blink
  3213 | D:10     | Learned a level 3 spell: Mephitic Cloud
  3271 | D:10     | Turgon: Oh!
  3271 | D:10     | Turgon: Hi!
  3288 | D:10     | Reached skill level 5 in Transmutations
  3304 | D:10     | Reached XP level 10. HP: 38/43 MP: 3/16
  3343 | D:10     | 4thArraOfDagon: hii
  3352 | D:10     | Killed by miscasting Blade Hands
  3353 | D:10     | Reached XP level 9. HP: -3/39 MP: 4/15
  3361 | D:10     | Noticed a two-headed ogre
  3369 | D:10     | Killed a two-headed ogre
  3394 | D:10     | Lost mutation: You are weak. (Str -2) [potion of mutation]
  3394 | D:10     | Gained mutation: You are partially covered in iridescent scales. (AC +2) [potion of mutation]
  3394 | D:10     | Lost mutation: Your thick and shaggy fur keeps you warm. (AC +3, rC+) [potion of mutation]
  3394 | D:10     | Gained mutation: Your mind is acute. (Int +2) [potion of mutation]
  3692 | D:10     | Noticed a two-headed ogre
  3712 | D:10     | Killed a two-headed ogre
  3712 | D:10     | Reached XP level 10. HP: 22/43 MP: 2/17
  3809 | D:11     | Noticed Erica
  3825 | D:11     | Killed Erica
  3846 | D:11     | Reached *** piety under Wu Jian
  3913 | D:11     | Reached skill level 5 in Spellcasting
  3984 | D:11     | Found a staircase to the Lair.
  4005 | D:11     | Turgon: Nice to see you playing again
  4016 | D:12     | Noticed a manticore
  4078 | D:11     | Killed an unseen horror
  4078 | D:11     | Reached skill level 10 in Unarmed Combat
  4087 | D:11     | Bought a scroll of teleportation for 45 gold pieces
  4087 | D:11     | Bought a scroll of magic mapping for 52 gold pieces
  4203 | D:12     | Found a frozen archway.
  4206 | D:12     | Reached XP level 11. HP: 46/46 MP: 20/20
  4211 | IceCv    | Entered an ice cave
  4262 | IceCv    | Reached **** piety under Wu Jian
  4534 | IceCv    | Reached skill level 10 in Dodging
  4598 | IceCv    | Noticed an ice dragon
  4603 | IceCv    | Noticed an ice dragon
  4654 | IceCv    | Killed an ice dragon
  4693 | IceCv    | Turgon: A berserking tree. Tell me how this works.
  4697 | IceCv    | Got a smoking iron ring
  4704 | IceCv    | Killed from afar by an ice dragon
  4705 | IceCv    | Reached XP level 10. HP: -21/43 MP: 16/19
  4706 | IceCv    | Identified the ring "Xaoj" {+Fly Int+3} (You found it in an ice cave)
  4737 | D:12     | Noticed a cyclops
  4859 | D:12     | Reached skill level 10 in Stealth
  5154 | D:12     | Noticed a deep elf mage
  5160 | D:12     | Killed a deep elf mage
  5160 | D:12     | Reached XP level 11. HP: 46/46 MP: 20/20
  5353 | D:13     | Reached skill level 5 in Fighting
  5469 | D:14     | Found Tidemoqi's Distillery.
  5521 | D:14     | Bought a potion of curing for 51 gold pieces
  5521 | D:14     | Bought a potion of might for 68 gold pieces
  5521 | D:14     | Bought a potion of haste for 170 gold pieces
  5521 | D:14     | Bought a potion of resistance for 170 gold pieces
  5521 | D:14     | Bought a potion of curing for 51 gold pieces
  5521 | D:14     | Bought a potion of curing for 51 gold pieces
  5528 | D:14     | Found Tasoem's Weapon Shoppe.
  5529 | D:14     | Noticed a brown ugly thing
  5529 | D:14     | Noticed a brown ugly thing
  5530 | D:14     | Noticed a brown ugly thing
  5531 | D:14     | Noticed a brown ugly thing
  5531 | D:14     | Noticed a brown ugly thing
  5532 | D:14     | Noticed a brown ugly thing
  5560 | D:14     | Killed a purple ugly thing
  5570 | D:14     | Killed a purple ugly thing
  5586 | D:14     | Killed a brown ugly thing
  5599 | D:14     | Killed a green ugly thing
  5602 | D:14     | Killed a brown ugly thing
  5602 | D:14     | Reached ***** piety under Wu Jian
  5634 | D:14     | Noticed a centaur warrior
  5635 | D:14     | Killed a centaur warrior
  5645 | D:14     | Killed a brown ugly thing
  5753 | D:15     | Entered Level 15 of the Dungeon
  5785 | D:15     | Noticed a two-headed ogre
  5810 | D:15     | Noticed a fire dragon
  5815 | D:15     | Killed a two-headed ogre
  5842 | D:15     | Killed from afar by a fire dragon
  5843 | D:15     | Reached XP level 10. HP: -9/45 MP: 14/19
  5906 | D:14     | Noticed a cyclops
  5913 | D:14     | Killed a cyclops
  5964 | D:14     | Reached XP level 11. HP: 48/48 MP: 12/20
  5968 | D:14     | Noticed a skeletal warrior
  5976 | D:14     | Noticed a skeletal warrior
  5977 | D:14     | Noticed a skeletal warrior
  6660 | D:14     | Found a gate to the Vaults.
  6660 | D:14     | Noticed a vault guard
  6660 | D:14     | Noticed a vault guard
  6660 | D:14     | Noticed a vault guard
  6660 | D:14     | Noticed a cyan ugly thing
  6661 | D:14     | Noticed a vault guard
  6666 | D:14     | Noticed a seven-headed hydra
  6727 | D:12     | Identified a scroll of acquirement
  6732 | D:12     | Got a steaming brass ring
  6734 | D:12     | Identified the ring of Zimm {rF+ Str+2 Int-5 SInv} (You acquired it on level 12 of the Dungeon)
  6735 | D:12     | :(
  6758 | D:12     | Turgon: Well, this acquired ring grants you sInv.
  6771 | D:12     | Turgon: So you have sInv ^ 2
  6811 | D:12     | Noticed a two-headed ogre
  6818 | D:12     | Noticed Maurice
  6821 | D:12     | Killed a two-headed ogre
  6827 | D:12     | Killed Maurice
  6846 | D:12     | DsMo: + int-5 :)
  6953 | D:11     | Found a staircase to the Orcish Mines.
  6964 | Orc:1    | Entered Level 1 of the Orcish Mines
  6964 | Orc:1    | Found Kyrex's Food Shoppe.
  6973 | Orc:1    | Noticed Erolcha
  6975 | Orc:1    | Killed Erolcha
  7017 | Orc:1    | Noticed Snorg
  7185 | Orc:2    | Entered Level 2 of the Orcish Mines
  7200 | Orc:1    | Noticed Urug
  7231 | Orc:2    | Noticed an ogre mage
  7242 | Orc:2    | Noticed a two-headed ogre
  7256 | Orc:2    | Killed a two-headed ogre
  7256 | Orc:2    | Gained mutation: Your thick and shaggy fur keeps you warm. (AC +3, rC+) [Felid growth]
  7256 | Orc:2    | Reached XP level 12. HP: 53/53 MP: 17/21
  7258 | Orc:2    | Noticed a two-headed ogre
  7266 | Orc:2    | Killed a two-headed ogre
  7280 | Orc:2    | Noticed a two-headed ogre
  7286 | Orc:2    | Noticed a two-headed ogre
  7286 | Orc:2    | Noticed an ogre mage
  7298 | Orc:2    | Noticed nikopol's ghost (journeyman GrBe)
  7432 | Orc:1    | Killed Snorg
  7445 | Orc:1    | Killed Urug
  7549 | Orc:2    | Noticed Josephine
  7556 | Orc:2    | Killed Josephine
  8026 | Orc:1    | Killed a two-headed ogre
  8114 | Orc:2    | Killed a two-headed ogre
  8163 | Orc:2    | Killed an ogre mage
  8224 | Orc:2    | Found Mujodig's Weapon Boutique.
  8227 | Orc:2    | Noticed a two-headed ogre
  8271 | Orc:2    | Killed a two-headed ogre
  8280 | Orc:2    | Noticed a two-headed ogre
  8283 | Orc:2    | Found Ifuleirph's Weapon Shoppe.
  8290 | Orc:2    | Killed a two-headed ogre
  8290 | Orc:2    | Reached XP level 13. HP: 58/58 MP: 13/22
  8327 | Orc:2    | Killed nikopol's ghost
  8411 | Orc:2    | Paralysed by an orc sorcerer for 4 turns
  8616 | Orc:2    | Found Dennir's Distillery.
  8635 | Orc:2    | Found Panta's Jewellery Shop.
  8648 | Orc:2    | Bought the ring of Shadows {Umbra +Inv Stlth+} for 560 gold pieces
  8656 | Orc:2    | Bought 2 potions of heal wounds for 130 gold pieces
  8656 | Orc:2    | Bought a potion of curing for 39 gold pieces
  8710 | Orc:2    | Found Cefaor's Gadget Boutique.
  8732 | Orc:2    | Found a staircase to the Elven Halls.
  8795 | Orc:2    | Bought a potion of might for 52 gold pieces
  8795 | Orc:2    | Bought a potion of might for 52 gold pieces
  8795 | Orc:2    | Bought a potion of brilliance for 52 gold pieces
  8831 | Elf:1    | Entered Level 1 of the Elven Halls
  9113 | Elf:1    | Noticed a deep elf sorcerer
  9306 | Elf:3    | Entered Level 3 of the Elven Halls
  9375 | Elf:2    | Noticed a deep elf sorcerer
  9383 | Elf:2    | HP: 2/59 [acid (12)]
  9392 | Elf:2    | Killed a deep elf sorcerer
  9446 | Elf:3    | Found a portal to a secret trove of treasure.
  9655 | Elf:3    | Found Wideul's Gadget Boutique.
  9656 | Elf:3    | Found Xowas's Jewellery Shoppe.
  9658 | Elf:3    | Found Leifeop's Gadget Boutique.
  9782 | Elf:3    | Got a glittering iron ring
  9807 | Elf:3    | Identified the ring "Ixiafut" {rPois Dex+3} (You found it on level 3 of the Elven Halls)
  9891 | Elf:3    | Found Jerchoim's Weapon Emporium.
 10067 | Elf:2    | Noticed Agnes
 10355 | Lair:1   | Entered Level 1 of the Lair of Beasts
 10393 | Lair:1   | Found a dark tunnel.
 10414 | Volcano  | Entered a volcano
 10424 | Volcano  | Noticed sergedm's ghost (journeyman DECj)
 10465 | Volcano  | Noticed Voxish's ghost (novice DDHu)
 10514 | Lair:1   | Reached XP level 14. HP: 59/64 MP: 23/23
 10713 | Lair:2   | Reached skill level 15 in Unarmed Combat
 10736 | Lair:2   | Found a staircase to the Snake Pit.
 10867 | Lair:2   | You fall through a shaft for 2 floors!
 11009 | Lair:3   | Found a basalt altar of Yredelemnul.
 11066 | Lair:5   | Found a hide-covered altar of Uskayaw.
 11080 | Lair:5   | Found a staircase to the Slime Pits.
 11156 | Lair:6   | Entered Level 6 of the Lair of Beasts
 11171 | Lair:6   | Upgraded the game from 0.20-a0-792-g09bcfd3 to 0.20-a0-795-ga03948b
 11339 | Lair:6   | Reached skill level 15 in Stealth
 11745 | Lair:6   | Reached skill level 10 in Fighting
 12007 | Lair:6   | Learned a level 2 spell: Swiftness
 12143 | Lair:6   | Reached skill level 15 in Dodging
 12468 | Lair:4   | Found a staircase to the Shoals.
 12710 | Lair:4   | Found an ancient bone altar of Kikubaaqudgha.
 12947 | Lair:3   | Reached XP level 15. HP: 58/69 MP: 18/24
 13248 | Lair:1   | Noticed Sonja
 13255 | Lair:1   | Killed Sonja
 13759 | Elf:2    | Lost mutation: You tend to lose your temper in combat. [potion of mutation]
 13759 | Elf:2    | Lost mutation: Your mind is acute. (Int +2) [potion of mutation]
 13759 | Elf:2    | Lost mutation: You are partially covered in iridescent scales. (AC +2) [potion of mutation]
 13759 | Elf:2    | Lost mutation: You are partially covered in yellow scales. (AC +2) [potion of mutation]
 13759 | Elf:2    | Gained mutation: You have a pair of small horns on your head. [potion of mutation]
 13759 | Elf:2    | Gained mutation: You are partially covered in icy blue scales. (AC +2) [potion of mutation]
 13759 | Elf:2    | Gained mutation: Your mind is acute. (Int +2) [potion of mutation]
 13862 | Elf:1    | Cast into level 2 of the Abyss (a deep elf sorcerer)
 13873 | Abyss:2  | murphy: hi
 13886 | Abyss:2  | murphy: do u think this new god is good for speedruns?
 13915 | Abyss:2  | murphy: sapher is testing it too
 13936 | Abyss:2  | 4thArraOfDagon: yea, seems quite viable
 13943 | Abyss:2  | Noticed a tentacled monstrosity
 13950 | Abyss:2  | Noticed a quicksilver dragon
 13957 | Abyss:2  | murphy: and the new changes in from dmg seems to help non chei transmuters
 13970 | Elf:1    | Escaped the Abyss
 14036 | Elf:1    | murphy: i made the exp that confusing touch can work kind of a mutli confuse with Wu Jian
 14433 | D:15     | Found a staircase to the Depths.
 14644 | Depths:1 | Entered Level 1 of the Depths
 14644 | Depths:1 | Found a gateway to Hell.
 14961 | Snake:1  | Entered Level 1 of the Snake Pit
 14961 | Snake:1  | Noticed Donald
 14964 | Snake:1  | Killed Donald
 15549 | Snake:4  | Entered Level 4 of the Snake Pit
 16285 | Lair:4   | Reached XP level 16. HP: 70/75 MP: 19/25
 16300 | Shoals:1 | Entered Level 1 of the Shoals
 16613 | Shoals:2 | Noticed a kraken
 16631 | Shoals:2 | Mangled by a tentacle
 16632 | Shoals:2 | Reached XP level 15. HP: -13/71 MP: 20/24
 16645 | Shoals:2 | Killed a kraken
 16782 | Shoals:2 | Noticed Polyphemus
 16902 | Shoals:2 | Killed Polyphemus
 17016 | Shoals:4 | Entered Level 4 of the Shoals
 17208 | Shoals:4 | Noticed Ferkelamun's ghost (adept TrMo)
 17280 | Shoals:1 | Noticed Aizul
 17287 | Shoals:1 | Killed Aizul
 18343 | Elf:3    | Noticed a deep elf sorcerer
 18358 | Elf:3    | Killed a deep elf sorcerer
 18542 | Elf:3    | Noticed a deep elf sorcerer
 18566 | Elf:3    | Killed a deep elf sorcerer
 18668 | Elf:3    | Noticed a deep elf master archer
 18696 | Elf:3    | Killed a deep elf master archer
 18806 | Elf:3    | Noticed a deep elf sorcerer
 18839 | Elf:3    | Shot with an arrow by a deep elf archer
 18840 | Elf:3    | Reached XP level 14. HP: -12/69 MP: 23/23
 18882 | Elf:3    | Killed a deep elf sorcerer
 18918 | Elf:3    | Noticed a deep elf sorcerer
 18940 | Elf:3    | Killed a deep elf sorcerer
 19016 | Elf:3    | Reached XP level 15. HP: 56/72 MP: 19/24
 19050 | Elf:3    | Noticed a deep elf sorcerer
 19067 | Elf:3    | Killed a deep elf sorcerer
 19180 | Elf:3    | Noticed a deep elf blademaster
 19385 | Elf:3    | Noticed a deep elf master archer
 19417 | Elf:3    | Killed a deep elf master archer
 19481 | Elf:3    | Killed from afar by a deep elf annihilator

Vault maps used:
D:1:      nicolae_arrival_memento_mori, corexii_item_surrounded_by_moat,
          corner_web_ring
D:2:      first_bread, hangedman_decor_peaks_small
D:3:      minitemple, mrwooster_statue_mirror
D:5:      minmay_misc_feat_secret_circle
D:6:      nicolae_overflow_hidden_temple, serial_shops, shop,
          nicolae_shop_stone, minivault_5, nicolae_zen_rock_garden,
          serial_park_tiny_2
D:7:      lemuel_crystal_altar, lemuel_mausoleum_altar_yredelemnul,
          minmay_temple_entry_mist, uniq_menkaure
D:8:      serial_shops, shop, the_bakery
D:10:     minivault_8
D:11:     due_lair_maze_entry_diamond, david_orc_4, serial_shops,
          nicolae_shop_waterfront, uniq_erica
D:12:     lemuel_ice_spiral_1, portal_ice_cave_rime, uniq_maurice
D:13:     serial_column_ruins, column_ruins_hut_ruined, column_ruins_hut_ruined,
          column_ruins_open_small, column_ruins_columns_straight,
          column_ruins_grid_2, column_ruins_grid_1, column_ruins_corridor_plus,
          column_ruins_open_tiny
D:14:     kennysheep_big_flooded_room, lightli_vaults_fourway_checkpoint,
          serial_shops, shop, shop, serial_bayou_shore_a
D:15:     hangedman_depths_entry_civil_slaughter
Temple:   eino_temple_scatter_basement
Lair:1:   nicolae_volcano_entry_vermiform, serial_bayou_pond_d,
          serial_bayou_shore_b, grunt_megastairs_5, uniq_sonja
Lair:2:   minmay_snake_entry_guardpost_large, guppyfry_lair_drakes
Lair:3:   basic_altar, beast_lair_carwin_1
Lair:4:   minmay_shoals_entry_beasts, basic_altar, grunt_megastairs_1
Lair:5:   slime_dummy, basic_altar
Lair:6:   minmay_lair_end_frog_pond
Shoals:1: uniq_aizul
Shoals:2: nicolae_shoals_kraken_intersection, uniq_polyphemus
Shoals:3: uniq_jorgrun, uniq_kirke
Shoals:4: shoals_end_grunt_ice, shoal_ilsuiw
Snake:1:  uniq_donald
Snake:3:  uniq_azrael
Snake:4:  snake_hunt, basic_altar, grunt_megastairs_2
Orc:1:    serial_shops, nicolae_shop_trees, uniq_urug, uniq_erolcha, uniq_snorg
Orc:2:    st_orc_open, serial_shops, shop_fountains, uniq_josephine
Elf:1:    eino_elf_arrival_sip, hangedman_corner_corridor
Elf:2:    uniq_agnes
Elf:3:    minmay_elf_hall_spiked, serial_shops, shop,
          nicolae_trove_entry_crystal, minmay_shop_grove
Depths:1: hell_entry, nrook_mini_backslash, kennysheep_diamond,
          grunt_absolute_annihilation
Abyss:2:  hangedman_abyss_theft
Abyss:3:  nicolae_abyss_rune_star_stuff
IceCv:    ice_cave_small_dragons
Volcano:  volcano_pools

Skill      XL: |  1  2  3  4  5  6  7  8  9 10 11 12 13 14 15 |
---------------+----------------------------------------------+-----
Unarmed Combat | 1 2 3 4 5 6 7 9 11 13 14 16 18 | 18.4
Dodging        | 3 4 5 6 7 8 9 12 13 14 15 17 | 17.3
Stealth        | 3 4 6 8 10 12 13 14 18 17 | 18.2
Evocations     | 1 2 4 5 |  5.0
Fighting       | 1 2 3 4 6 5 8 9 10 12 | 12.4
Transmutations | 2 6 8 9 |  9.0
Spellcasting   | 4 5 |  5.8
Conjurations   | |  0.8
Ice Magic      | |  2.6

Action                   |  1- 3 |  4- 6 |  7- 9 | 10-12 | 13-15 | 16-18 || total
-------------------------+-------+-------+-------+-------+-------+-------++-------
Melee: Unarmed           |    37 |    71 |   295 |   838 |  1566 |    47 ||  2854
       Bite              |     8 |     9 |    20 |    68 |   126 |     7 ||   238
       Punch             |       |     2 |     6 |    31 |    81 |     1 ||   121
       Headbutt          |       |       |       |       |   100 |    15 ||   115
 Cast: Freeze            |    29 |    27 |    11 |       |       |       ||    67
       Blade Hands       |       |       |     3 |    66 |   120 |     4 ||   193
       Ice Form          |       |       |     1 |     3 |     1 |       ||     5
       Mephitic Cloud    |       |       |     1 |     4 |       |       ||     5
Invok: Serpent's Lash    |       |       |       |     4 |    13 |       ||    17
       Heaven On Earth   |       |       |       |     1 |     4 |       ||     5
 Abil: End Transformatio |       |       |       |    31 |    17 |     2 ||    50
       Evoke Flight      |       |       |       |       |     5 |     1 ||     6
       Stop Flying       |       |       |       |       |     3 |       ||     3
Evoke: Wand              |       |     7 |    25 |     9 |     6 |       ||    47
       Lightning rod     |       |       |       |       |     1 |       ||     1
  Use: Scroll            |     1 |     3 |     9 |    10 |    20 |     1 ||    44
       Potion            |     1 |     1 |     4 |     6 |    16 |       ||    28
 Stab: Sleeping          |     6 |     3 |    18 |    33 |    94 |     2 ||   156
       Paralysed         |       |     7 |    11 |     2 |       |       ||    20
       Confused          |       |       |     4 |       |       |       ||     4
       Distracted        |       |       |     1 |     3 |    10 |       ||    14
  Eat: Chunk             |     6 |     1 |    15 |    32 |    64 |     5 ||   123
Armor: Skin              |     4 |     4 |    15 |    52 |    34 |     2 ||   111
Dodge: Dodged            |    47 |    70 |   187 |   613 |  1076 |    41 ||  2034
